 Dungeon Crawl Stone Soup version 0.19.0 (webtiles) character file.

130 TheGoonsmith the Firebug (level 4, 0/33 HPs)
             Began as a Draconian Fire Elementalist on Nov 13, 2016.
             Slain by a white imp (2 damage)
             ... summoned by Natasha
             ... on level 2 of the Dungeon.
             The game lasted 00:02:56 (2408 turns).

TheGoonsmith the Firebug (DrFE)                     Turns: 2408, Time: 00:02:56

Health: 0/33       AC:  5    Str: 10    XL:     4   Next: 89%
Magic:  0/8        EV: 12    Int: 16    God:
Gold:   97         SH:  0    Dex: 12    Spells: 1 memorised, 7 levels left

rFire  + . .     SeeInvis .     (no weapon)
rCold  + . .     Gourm    .     (armour unavailable)
rNeg   . . .     Faith    .     (no shield)
rPois  +         Spirit   .     (helmet restricted)
rElec  +         Reflect  .     (no cloak)
rCorr  +         Harm     .     (no gloves)
MR     .....                    (no boots)
Stlth  ++........               (no amulet)
                                (no ring)
                                (no ring)

@: resistant, very slightly contaminated, hasted, very quick
A: unfitting armour, cold-blooded, AC +5
a: no special abilities


You were on level 2 of the Dungeon.
You were not hungry.

You visited 1 branch of the dungeon, and saw 2 of its levels.

You collected 97 gold pieces.

Inventory:

Scrolls
 g - 4 scrolls of identify {unknown}
 h - a scroll of random uselessness {unknown}
 i - 6 scrolls of remove curse {unknown}
 l - a scroll of magic mapping {unknown}
Potions
 c - a potion of haste
 e - a potion of magic {unknown}
 m - a potion of resistance
Books
 a - a book of Flames

   Spells                             Type                      Level
   a - Flame Tongue                   Conjuration/Fire             1
   b - Throw Flame                    Conjuration/Fire             2
   c - Conjure Flame                  Conjuration/Fire             3
   d - Inner Flame                    Hexes/Fire                   3
   e - Sticky Flame                   Conjuration/Fire             4
   f - Fireball                       Conjuration/Fire             5
Comestibles
 b - 3 bread rations
 f - 3 fruits
 k - a meat ration


   Skills:
 - Level 1.7 Dodging
 - Level 1.7 Stealth
 + Level 2.9 Spellcasting
 * Level 3.4 Conjurations
 + Level 3.8 Fire Magic


You had 7 spell levels left.
You knew the following spells:

 Your Spells              Type           Power        Failure   Level  Hunger
a - Flame Tongue          Conj/Fire      ##...        6%          1    #......


Dungeon Overview and Level Annotations

Branches:
Dungeon (2/15)

Altars:

Annotations:
D:2 Natasha


Innate Abilities, Weirdness & Mutations

Your plain brown scales are hard. (AC +5)
You cannot fit into any form of body armour.
You are cold-blooded and may be slowed by cold attacks.


Message History

Natasha is severely wounded.
Natasha casts a spell.
You hit Natasha but do no damage.
Your tail-slap misses Natasha.
Natasha is severely wounded.
The crimson imp blinks!
The white imp gestures at you. The puff of frost hits you!
* * * LOW HITPOINT WARNING * * *
It was a potion of resistance.
You feel protected. Natasha completely misses you.
Casting: Flame Tongue
Confirm with . or Enter, or press ? or * to list all spells.
Aiming: Flame Tongue
Press: ? - help, Shift-Dir - straight line, f/p - Natasha
Aim: Natasha (severely wounded)
The flame tongue misses Natasha.
The white imp summons a swarm of flies.
The white imp hits you.
You die...

##..##.##.#####.......# #......
..#....##.# #.....#.#####.#####
...#......###########.......# #
##..#.........# ##...#### #
##...#.###.##.## #...########
......###...5..# #.........##
......##......########...#####.##
....÷.##...##(###..............#
.....<.....##(5h@5...........<.#
.....)##.########..............#
......##.# ######.§.......#
....(.##<## #...####.##
.....###..# #...# #.# .....# ##.#
#...# #.# .....####.#
###...####.### ..........#
######.......##.... .....###..#
#......#####.######


You could see Natasha and 2 white imps.

Vanquished Creatures
  Natasha (D:2)
  6 adders (D:2)
  An ooze (D:1)
  2 worms (D:2)
  2 dart slugs
  A leopard gecko (D:1)
  2 bats (D:1)
  4 giant cockroaches
  5 goblins
  3 hobgoblins (D:2)
  3 kobolds
  A quokka (D:2)
  4 frilled lizards
  8 rats
43 creatures vanquished.

Notes
Turn   | Place    | Note
-------+----------+-------------------------------------------
     0 | D:1      | TheGoonsmith the Draconian Fire Elementalist began the quest for the Orb.
     0 | D:1      | Reached XP level 1. HP: 14/14 MP: 3/3
   242 | D:1      | Reached XP level 2. HP: 20/20 MP: 0/5
  1050 | D:2      | Reached XP level 3. HP: 8/26 MP: 0/6
  1714 | D:2      | Reached XP level 4. HP: 31/33 MP: 0/8
  2091 | D:2      | Noticed Natasha
  2096 | D:2      | Killed Natasha
  2135 | D:2      | Found a faded altar of an unknown god.
  2372 | D:2      | Noticed Natasha
  2408 | D:2      | Slain by a white imp

Skill      XL: |  1  2  3  4 |
---------------+-------------+-----
Conjurations   | 2 3 |  3.4
Dodging        | |  1.7
Stealth        | |  1.7
Spellcasting   | |  2.9
Fire Magic     | |  3.8

Action                   |  1- 3 |  4- 6 || total
-------------------------+-------+-------++-------
Melee: Unarmed           |    79 |    15 ||    94
       Tailslap          |     6 |     1 ||     7
 Cast: Flame Tongue      |    63 |    33 ||    96
  Use: Potion            |       |     3 ||     3
  Eat: Chunk             |     3 |     3 ||     6
Armor: Skin              |    27 |     3 ||    30
Dodge: Dodged            |    64 |    21 ||    85
